 Dungeon Crawl Stone Soup version 0.30-a0-557-ge2afbf3030 (webtiles) character file.

Game seed: 16382617139527047184

44 bmack86 the Covered (level 3, -5/33 HPs)
             Began as a Minotaur Fighter on Dec 27, 2022.
             Slain by a gnoll
             ... wielding a +0 falchion
              (8 damage)
             ... on level 2 of the Dungeon.
             The game lasted 00:03:18 (1019 turns).

bmack86 the Covered (Minotaur Fighter)              Turns: 1019, Time: 00:03:18

Health: -5/33      AC:  7    Str: 22    XL:     3   Next: 39%
Magic:  2/2        EV:  9    Int:  5    God:
Gold:   145        SH:  9    Dex:  9    Spells: 2/2 levels left

rFire   . . .      SeeInvis +    a - +0 war axe
rCold   . . .      Faith    .    c - +0 buckler
rNeg    . . .      Spirit   .    b - +0 scale mail
rPois   +          Reflect  +    (helmet restricted)
rElec   .          Harm     .    (no cloak)
rCorr   .          Rampage  .    (no gloves)
Will    .....                    (no boots) Stlth
                                 k - amulet of reflection
HPRegen 0.25/turn                e - ring of see invisible
MPRegen 0.08/turn                f - ring of poison resistance

@: lethally poisoned (-5 -> -11)
A: horns 2, retaliatory headbutt
a: no special abilities


You were on level 2 of the Dungeon.
You visited 1 branch of the dungeon, and saw 2 of its levels.

You collected 145 gold pieces.

Inventory:

Hand Weapons
 a - a +0 war axe (weapon)
Missiles
 g - 5 curare-tipped darts (quivered)
Armour
 b - a +0 scale mail (worn)
 c - a +0 buckler (worn)
Jewellery
 e - a ring of see invisible (left hand)
 f - a ring of poison resistance (right hand)
 k - an amulet of reflection (around neck)
Scrolls
 j - a scroll of blinking
 l - a scroll of magic mapping {unknown}
Potions
 d - a potion of might
 h - 3 potions of curing
 i - a potion of mutation {unknown}
 m - a potion of attraction {unknown}


   Skills:
 + Level 4.1 Fighting
 * Level 3.3 Axes
 + Level 4.1 Armour
 + Level 4.1 Shields


You had 2 spell levels left.
You didn't know any spells.
Your spell library contained the following spells:

 Spells                   Type           Power      Damage    Failure   Level
 Passage of Golubria      Tloc           0%         N/A       100%        4
 Silence                  Hex/Air        0%         N/A       100%        5
 Lehudib's Crystal Spear  Conj/Erth      0%         10d2      100%        8


Dungeon Overview and Level Annotations

Branches:
Dungeon (2/15)

Altars:


Innate Abilities, Weirdness & Mutations

You have a pair of horns on your head.
You reflexively headbutt those who attack you in melee.


Message History

You kill the bat!
HP restored.
A gnoll comes into view. It is wielding a +0 halberd.
The gnoll shouts!
The gnoll closely misses you.
Found a book of Debilitation.
A gnoll comes into view. It is wielding a +0 flail.
The gnoll completely misses you.
A gnoll comes into view. It is wielding a +0 falchion.
The gnoll shouts! x2
The gnoll closely misses you.
You barely miss the gnoll.
A gnoll comes into view. It is wielding a +2 spear of venom.
The gnoll hits you with a +0 halberd.
The gnoll shouts!
You slash the gnoll!
The gnoll is heavily wounded.
You hear an angry hiss.
The gnoll hits you with a +0 halberd!
A ball python comes into view.
The gnoll hits you with a +0 halberd.
The ball python hisses angrily.
You hit the gnoll. Your headbutt misses the gnoll.
The gnoll is severely wounded.
You hit the gnoll but do no damage. The gnoll barely misses you.
You slash the gnoll!
You kill the gnoll!
You hit the gnoll. You hit the gnoll but do no damage.
The gnoll hits you with a +0 falchion.
The gnoll hits you from afar with a +2 spear of venom.
* * * LOW HITPOINT WARNING * * *
You are lethally poisoned!
The gnoll closely misses you.
* * * LOW HITPOINT WARNING * * *
You feel very sick. You block the gnoll's attack.
* * * LOW HITPOINT WARNING * * *
You feel sick. You block the gnoll's attack.
The gnoll attacks as you move away! The gnoll hits you with a +0 falchion!
You die...

. ..##.##.#.#..###.#....
..:.....(..†......#.#....
...####.##......#.#.#....
........##.#.#..#...#....
.##...##.##.#.#...........
.................#####
.....#.#....###..#
.#.....g.#..###..#
......Sgg@.......#
.......###........ #
.#..##. #######.. . #. #.
. ## . #. . #. ##### ..
#.... ## #.... #####


You could see 3 gnolls and a ball python.

Vanquished Creatures
  A gnoll (D:2)
  An adder (D:2)
  A worm (D:2)
  A dart slug (D:2)
  3 endoplasms (D:2)
  A giant cockroach (D:1)
  A goblin (D:1)
  3 hobgoblins
  2 ball pythons (D:2)
  2 bats
  3 kobolds
  A rat (D:2)
20 creatures vanquished.

Notes
Turn   | Place    | Note
-------+----------+-------------------------------------------
     0 | D:1      | bmack86 the Minotaur Fighter began the quest for the Orb.
     0 | D:1      | Reached XP level 1. HP: 19/19 MP: 0/0
   793 | D:2      | Reached XP level 2. HP: 27/27 MP: 1/1
   940 | D:2      | Reached XP level 3. HP: 33/33 MP: 2/2
  1019 | D:2      | Slain by a gnoll

Illustrated notes

Levels and vault maps discovered:
D:1:      giann_wishing_wells, layout_basic, minivault_11,
          minmay_misc_feat_tower, minmay_misc_feat_doors
D:2:      layout_basic

Skill      XL: |  1  2 |
---------------+-------+-----
Axes           | 3 |  3.3
Fighting       | 4 |  4.1
Armour         | 4 |  4.1
Shields        | 4 |  4.1

Action                   || total
-------------------------++-------
Melee: War axe           ||    53
       Headbutt          ||     8
Throw: Dart              ||     2
  Use: Scroll            ||     2
Armor: Scale mail        ||    16
Dodge: Dodged            ||    24
Block: Buckler           ||    19

Table legend: (Time is in decaauts)
 A = Elapsed time spent in this place.
 B = Non-inter-level travel time spent in this place.
 C = Inter-level travel time spent in this place.
 D = Time resting spent in this place.
 E = Time spent auto-exploring this place.
 F = Levels seen in this place.
 G = Mean time per level.
                   A        B        C        D        E       F      G
               +--------+--------+--------+--------+--------+-----+--------+
         Total |   1038 |    926 |    112 |      0 |    571 |   2 |  519.0 |
       Dungeon |   1038 |    926 |    112 |      0 |    571 |   2 |  519.0 |
               +--------+--------+--------+--------+--------+-----+--------+

Top non-repeatable levels by time:
     D:1: 784 daAuts
     D:2: 254 daAuts
